 Dungeon Crawl Stone Soup version 0.31.0-32-g396128a36d (webtiles) character file.

Game seed: 11869364937824609775

117167 D3sron the Slicer (level 16, -2/146 HPs)
             Began as a Minotaur Berserker on Mar 17, 2024.
             Was the Champion of Trog.
             Killed from afar by a deep elf knight (29 damage)
             ... with a lance of force
             ... on level 1 of the Elven Halls.
             The game lasted 01:24:29 (28905 turns).

D3sron the Slicer (Minotaur Berserker)             Turns: 28905, Time: 01:24:30

Health: -2/146     AC: 18    Str: 28    XL:     16   Next: 22%
Magic:  3/5        EV: 33    Int:  3    God:    Trog [******]
Gold:   447        SH: 17    Dex: 15    Spells: 15/15 levels left

rFire   . . .        n - +5 broad axe (antimagic)
rCold   . . .        b - +4 kite shield {AC+3}
rNeg    . . .        q - +2 robe {Will+}
rPois   .            (helmet restricted)
rElec   .            a - +2 cloak
rCorr   .            G - +1 pair of gloves {infuse}
SInv    .            P - +1 pair of boots
Will    +++..        E - amulet of the acrobat
Stlth   +++          k - +4 ring of slaying
HPRegen 0.44/turn    u - +4 ring of protection
MPRegen 0.09/turn

%: acrobat, infuse magic (1 MP)
@: acrobatic
A: horns 2, retaliatory headbutt, claws 1, agile 1, strong-willed 1, persistent
drain
a: Renounce Religion, Berserk, Trog's Hand, Brothers in Arms


You were on level 1 of the Elven Halls.
You worshipped Trog.
Trog was exalted by your worship.
You visited 6 branches of the dungeon, and saw 25 of its levels.
You also visited: Ossuary.

You collected 2631 gold pieces.
You spent 2184 gold pieces at shops.

Inventory:

Hand Weapons
 n - a +5 antimagic broad axe (weapon)
 O - the +10 rapier of Usmao {freeze, rPois rC+ rCorr}
   (You found it on level 7 of the Dungeon)

   rC+:       It protects you from cold.
   rPois:     It protects you from poison rCorr: It protects you from acid and
   corrosion.
 R - a +4 spectral mace
Missiles
 s - 3 throwing nets (quivered)
Armour
 a - a +2 cloak (worn)
 b - a +4 kite shield of protection (worn)
 q - a +2 robe of willpower (worn)
 G - a +1 pair of gloves of infusion (worn)
 P - a +1 pair of boots (worn)
Jewellery
 j - a +5 ring of evasion
 k - a +4 ring of slaying (left hand)
 u - a +4 ring of protection (right hand)
 E - an amulet of the acrobat (around neck)
 N - a ring of flight
Talismans
 i - a beast talisman
 F - a serpent talisman
Wands
 c - a wand of flame (14)
 p - a wand of acid (13)
 t - a wand of digging (23)
 v - a wand of polymorph (38)
 D - a wand of charming (23)
 W - a wand of iceblast (37)
Scrolls
 f - 3 scrolls of butterflies
 g - a scroll of poison {unknown}
 h - 16 scrolls of teleportation
 r - 3 scrolls of revelation
 x - 3 scrolls of enchant weapon
 y - a scroll of fog {unknown}
 z - 2 scrolls of silence {unknown}
 J - a scroll of acquirement {unknown}
 K - 2 scrolls of fear
 M - a scroll of immolation {unknown}
 Q - a scroll of torment
 U - 4 scrolls of brand weapon
 X - 4 scrolls of blinking
Potions
 d - 2 potions of mutation
 e - 9 potions of curing
 m - 7 potions of heal wounds
 o - 4 potions of invisibility
 w - 4 potions of haste
 B - 3 potions of resistance
 C - 6 potions of might
 L - 2 potions of lignification
 S - 2 potions of cancellation {unknown}
 T - 2 potions of enlightenment {unknown}
 V - 11 potions of ambrosia
Miscellaneous
 A - a phial of floods


   Skills:
 + Level 14.1 Fighting
 + Level 14.4 Short Blades
 + Level 9.9(11.6) Axes
 + Level 9.6(11.4) Maces & Flails
 + Level 0.2 Throwing
 + Level 2.8 Armour
 + Level 12.8 Dodging
 + Level 6.1 Stealth
 + Level 12.9 Shields
 * Level 4.6 Evocations
 - Level 9.7 Shapeshifting


You had 15 spell levels left.
You didn't know any spells.
Your spell library was empty.

Dungeon Overview and Level Annotations

Branches:
Dungeon (15/15)            Temple (0/1) D:4            Lair (5/5) D:11
 Shoals (0/4) Lair:3        Snake (0/4) Lair:2        Slime (1/5) Lair:5
    Orc (2/2) D:12            Elf (1/3) Orc:2        Vaults (0/5) D:14
 Depths (1/4) D:15        Ossuary (visited)

Altars:
Ashenzari
Hepliaklqana
Makhleb
Okawaru
Ru
Yredelemnul
The Shining One

Shops:
D:3 [   D:7 **   D:11 [   Orc:1 *   Orc:2 *:[:?

Annotations:
D:4 1 runed translucent door


Innate Abilities, Weirdness & Mutations

You have a pair of horns on your head.
You reflexively headbutt those who attack you in melee.
You have sharp fingernails.
You are agile. (Dex +4, Str/Int -1)
You are strong-willed. (Will+)
Your health recovers twice as slowly from being drained.


Message History

You hear some strange, mumbled words.
A shard of ice appears from out of thin air!
You block the shard of ice.
The deep elf zephyrmancer gestures wildly while chanting.
The deep elf zephyrmancer blinks!
The deep elf zephyrmancer misses you.
The deep elf archer shouts!
You slash the deep elf zephyrmancer!
The deep elf zephyrmancer's magic leaks into the air.
The deep elf zephyrmancer is moderately wounded.
You miss something.
A deep elf archer opens the door.
You block the deep elf zephyrmancer's attack.
You hear some strange, mumbled words.
A shard of ice appears from out of thin air!
The shard of ice hits you!!
You block the deep elf zephyrmancer's attack.
A deep elf zephyrmancer comes into view.
It is wielding a +0 short sword.
The deep elf zephyrmancer falters for a moment.
You miss the deep elf zephyrmancer. You headbutt the deep elf zephyrmancer.
The deep elf zephyrmancer is lightly wounded.
You miss something.
You completely miss the deep elf zephyrmancer.
You hear some strange, mumbled words.
A lance of force appears from out of thin air!
The lance of force hits you!
You are knocked back by the lance of force.
You collide with the deep elf zephyrmancer!
The deep elf zephyrmancer is heavily wounded.
The deep elf zephyrmancer casts a spell at you.
The bolt of lightning hits you!!!
* * * LOW HITPOINT WARNING * * *
The bolt of lightning hits something!!
The deep elf archer points at you and mumbles some strange words.
You resist with almost no effort.
The deep elf zephyrmancer falters for a moment.
You hear a shout! x5
The deep elf zephyrmancer's magic is no longer disrupted.
You hear some strange, mumbled words.
A lance of force appears from out of thin air!
The lance of force hits you!!
You die...

.# #...#.....#...# .#
#...#.....#e..# .#
#...#.....#...# .#
#...#.....#...# .#
#...#.....#...# .#
#...#.... #...# #
.######...##'####e..#..#
................{.e.#..#
................@...#..#
....................e..#
#####################..#
... .# ... # ###


You could see a deep elf archer (repels missiles) and 3 deep elf zephyrmancers.

Vanquished Creatures
  Jorgrun (D:15)
  Agnes (D:14)
  Kirke (D:14)
  An azure jelly (Lair:5)
  An orc warlord (D:12)
  The ghost of ForkInBrain the Spry, a journeyman FeCK of Xom (D:13)
  A dire elephant (Lair:5)
  A spark wasp (D:15)
  Josephine (Lair:4)
  A yaktaur captain (D:14)
  A rakshasa (D:15)
  An entropy weaver (shapeshifter) (D:13)
  Fannar (Lair:1)
  Harold (D:11)
  3 ogre magi
  6 hydras
  Erica (Lair:2)
  3 centaur warriors
  6 boulder beetles
  A catoblepas (Lair:5)
  A dancing weapon (Elf:1)
  8 death yaks (Lair:5)
  2 deep troll shamans
  2 tengu warriors
  13 two-headed ogres
  Sonja (Lair:3)
  Nergalle (Lair:3)
  A deep elf knight (Elf:1)
  4 skeletal warriors
  A skyshark (Lair:4)
  Lodul (D:13)
  An arcanist (D:15)
  A lindwurm (Lair:5)
  2 orc knights (D:15)
  2 deep trolls (Orc:2)
  5 deep elf pyromancers
  A necromancer (D:15)
  A salamander (Lair:2)
  17 ugly things
  6 deep elf zephyrmancers
  4 orc sorcerers
  5 oklob plants
  A shining eye (Lair:5)
  8 cyclopes
  12 elephants
  A kobold blastminer (Orc:1)
  3 black mambas
  Joseph (D:7)
  9 cane toads
  A cane toad (shapeshifter) (D:14)
  A gargoyle (D:11)
  2 kobold demonologists (D:13)
  2 centaur skeletons (D:15)
  A molten gargoyle (Lair:2)
  A torpor snail (Lair:2)
  Maggie (D:9)
  2 unseen horrors
  8 komodo dragons
  Psyche (D:12)
  3 rime drakes
  2 tengu conjurers
  A freezing wraith (D:14)
  2 yaktaurs (D:14)
  An efreet (D:13)
  A queen bee (D:10)
  Prince Ribbit (D:5)
  2 polar bears
  10 trolls
  A hornet (D:10)
  10 blink frogs
  A meliai zombie (D:15)
  A snapping turtle (Lair:3)
  An air elemental (Elf:1)
  2 slime creatures
  A water elemental (Lair:3)
  A centaur simulacrum (D:14)
  A vampire (D:11)
  5 wraiths
  3 shadows
  A hog (D:13)
  3 wyverns
  A fire elemental (Elf:1)
  A warg (Orc:1)
  85 yaks
  A steam dragon (D:7)
  6 vampire mosquitoes
  4 basilisks
  Menkaure (D:5)
  3 nagas (Lair:2)
  2 acid dragons (D:10)
  12 water moccasins
  A swamp drake (D:12)
  21 orc warriors
  2 sky beasts
  5 black bears
  25 wolves
  3 ice beasts
  6 centaurs
  29 ogres
  2 phantoms
  2 kobold brigands
  An elf zombie (Ossuary)
  A weeping skull (Ossuary)
  12 bullfrogs
  3 scorpions
  An earth elemental (Elf:1)
  10 wights (D:8)
  A burial acolyte (Ossuary)
  35 killer bees
  3 vampire bats (Lair:2)
  2 electric eels
  3 howler monkeys
  A gnoll bouda (D:6)
  A bombardier beetle (D:5)
  A jelly (D:7)
  A human zombie (Ossuary)
  An iguana (D:6)
  8 orc priests
  Crazy Yiuf (D:7)
  3 sleepcaps
  Natasha (thrice) (D:3)
  20 orc wizards
  The ghost of markyluvfranks the Apothecary, a weakling DjHW (D:4)
  2 mummies (Ossuary)
  A howler monkey zombie (Ossuary)
  Robin (D:3)
  7 adders
  14 gnolls
  A river rat (D:4)
  A shadow imp (D:5)
  An adder zombie (Ossuary)
  3 dart slugs
  A ribbon worm (D:3)
  65 orcs
  13 bats
  11 endoplasms
  5 giant cockroaches
  17 goblins
  8 hobgoblins
  A quokka (D:1)
  9 ball pythons
  4 frilled lizards (D:3)
  A gnoll zombie (Ossuary)
  18 kobolds
  3 rats
735 creatures vanquished.

Vanquished Creatures (collateral kills)
  Jeremiah (D:6)
1 creature vanquished.

Grand Total: 736 creatures vanquished

Notes
Turn   | Place    | Note
-------+----------+-------------------------------------------
     0 | D:1      | D3sron the Minotaur Berserker began the quest for the Orb.
     0 | D:1      | Reached XP level 1. HP: 19/19 MP: 0/0
   219 | D:1      | Reached XP level 2. HP: 27/27 MP: 1/1
   936 | D:2      | Reached XP level 3. HP: 33/33 MP: 2/2
  1030 | D:2      | Reached ** piety under Trog
  1673 | D:3      | Found a sacrificial altar of Ru.
  1680 | D:3      | Noticed Robin
  1699 | D:3      | Reached XP level 4. HP: 37/41 MP: 3/3
  1702 | D:3      | Killed Robin
  1815 | D:3      | Found an iron altar of Okawaru.
  1844 | D:3      | Found a hazy altar of Hepliaklqana.
  1883 | D:3      | Found Fure Kea's Armour Shop.
  1887 | D:3      | Reached skill level 1 in Shapeshifting
  1967 | D:3      | Noticed Natasha
  1971 | D:3      | Killed Natasha
  1972 | D:3      | Reached skill level 5 in Axes
  1972 | D:3      | Reached XP level 5. HP: 46/47 MP: 4/4
  2012 | D:3      | Noticed Natasha
  2017 | D:3      | Killed Natasha
  2068 | D:3      | Reached *** piety under Trog
  2458 | D:3      | Noticed Natasha
  2463 | D:3      | Killed Natasha
  2759 | D:4      | Reached skill level 5 in Fighting
  2761 | D:4      | Reached XP level 6. HP: 27/56 MP: 5/5
  3037 | D:4      | Found a staircase to the Ecumenical Temple.
  3151 | D:4      | Found a runed translucent door.
  3152 | D:4      | Noticed markyluvfranks's ghost (weakling DjHW)
  3164 | D:4      | Killed markyluvfranks's ghost
  3169 | D:4      | Reached **** piety under Trog
  3172 | D:4      | Reached XP level 7. HP: 52/61 MP: 6/6
  3179 | D:4      | Found a runed translucent door.
  3414 | D:5      | Entered Level 5 of the Dungeon
  3448 | D:5      | Reached skill level 1 in Stealth
  3454 | D:5      | Found a glowing golden altar of the Shining One.
  3502 | D:5      | Reached skill level 1 in Maces & Flails
  3633 | D:5      | Found a sand-covered staircase.
  3642 | Ossuary  | Entered an ossuary
  3642 | Ossuary  | Found a huge runed translucent gate.
  3642 | Ossuary  | Found a huge runed translucent gate.
  3642 | Ossuary  | Found a huge runed translucent gate.
  3642 | Ossuary  | Found a huge runed translucent gate.
  3642 | Ossuary  | Found a huge runed translucent gate.
  3642 | Ossuary  | Found a huge runed translucent gate.
  3642 | Ossuary  | Found a huge runed translucent gate.
  3642 | Ossuary  | Found a huge runed translucent gate.
  3643 | Ossuary  | Found a huge runed translucent gate.
  3643 | Ossuary  | Found a huge runed translucent gate.
  3643 | Ossuary  | Found a huge runed translucent gate.
  3644 | Ossuary  | Found a huge runed translucent gate.
  3644 | Ossuary  | Found a huge runed translucent gate.
  3646 | Ossuary  | Found a huge runed translucent gate.
  3646 | Ossuary  | Found a huge runed translucent gate.
  3648 | Ossuary  | Found a huge runed translucent gate.
  3648 | Ossuary  | Found a huge runed translucent gate.
  3648 | Ossuary  | Found a huge runed translucent gate.
  3648 | Ossuary  | Found a huge runed translucent gate.
  3648 | Ossuary  | Found a huge runed translucent gate.
  3654 | Ossuary  | Found a huge runed translucent gate.
  3654 | Ossuary  | Found a huge runed translucent gate.
  3656 | Ossuary  | Found a huge runed translucent gate.
  3656 | Ossuary  | Found a huge runed translucent gate.
  3657 | Ossuary  | Found a huge runed translucent gate.
  3657 | Ossuary  | Found a huge runed translucent gate.
  3658 | Ossuary  | Found a huge runed translucent gate.
  3658 | Ossuary  | Found a huge runed translucent gate.
  3660 | Ossuary  | Found a huge runed translucent gate.
  3660 | Ossuary  | Found a huge runed translucent gate.
  3676 | Ossuary  | Reached XP level 8. HP: 70/70 MP: 7/7
  3722 | Ossuary  | Found a huge runed translucent gate.
  3722 | Ossuary  | Found a huge runed translucent gate.
  3722 | Ossuary  | Found a huge runed translucent gate.
  3722 | Ossuary  | Found a huge runed translucent gate.
  3722 | Ossuary  | Found a huge runed translucent gate.
  4081 | D:5      | Noticed Menkaure
  4081 | D:5      | Noticed Prince Ribbit
  4183 | D:5      | Killed Menkaure
  4186 | D:5      | Reached skill level 5 in Maces & Flails
  4189 | D:5      | Killed Prince Ribbit
  4894 | D:6      | Found a basalt altar of Yredelemnul.
  5138 | D:6      | Noticed Jeremiah
  5150 | D:6      | Reached skill level 5 in Dodging
  5150 | D:6      | Reached XP level 9. HP: 35/74 MP: 8/8
  5170 | D:6      | Killed Jeremiah
  5664 | D:3      | Bought a +0 kite shield of protection for 149 gold pieces
  5669 | D:3      | Bought a +1 pair of gloves of infusion for 214 gold pieces
  5759 | D:7      | Reached skill level 1 in Shields
  5838 | D:7      | Found Piebatela's Specific Store.
  5843 | D:7      | Found Kuepiegutt's General Store.
  5882 | D:7      | Bought a scroll of fear for 52 gold pieces
  6231 | D:7      | Found a runed translucent door.
  6232 | D:7      | Noticed Crazy Yiuf
  6366 | D:7      | Killed an unseen horror
  6371 | D:7      | Reached XP level 10. HP: 81/88 MP: 2/9
  6456 | D:7      | Identified the +10 rapier of Usmao {freeze, rPois rC+
                  | rCorr}
  6574 | D:7      | Noticed Joseph
  6599 | D:7      | Killed Joseph
  6945 | D:7      | Killed Crazy Yiuf
  7059 | D:8      | Reached ***** piety under Trog
  7121 | D:8      | Reached skill level 1 in Short Blades
  7514 | D:8      | Reached skill level 5 in Shapeshifting
  8068 | D:9      | Found a broken altar of Ashenzari.
  8070 | D:9      | Noticed a cyclops
  8187 | D:9      | Killed a cyclops
  8259 | D:9      | You fall into a shaft and drop 3 floors!
  8261 | D:12     | Noticed a boulder beetle
  8668 | D:12     | Noticed Psyche
  8683 | D:11     | Found Munuf's Armour Shop.
  8914 | D:11     | Found a staircase to the Lair.
  8948 | D:11     | Noticed a boulder beetle
  8956 | D:10     | Entered Level 10 of the Dungeon
  9017 | D:9      | Reached skill level 5 in Short Blades
  9026 | D:9      | Reached XP level 11. HP: 95/95 MP: 2/10
  9201 | D:9      | Noticed Maggie
  9205 | D:9      | Killed Maggie
  9582 | D:10     | Received a gift from Trog
  9838 | D:10     | Paralysed by a hornet for 3 turns
 10247 | D:10     | Reached skill level 5 in Shields
 10800 | D:10     | Found a burning altar of Makhleb.
 11037 | D:11     | Noticed Harold
 11045 | D:11     | Killed Harold
 11268 | D:11     | Killed a boulder beetle
 11269 | D:11     | Reached XP level 12. HP: 106/106 MP: 0/11
 11398 | D:11     | Noticed a two-headed ogre
 11408 | D:11     | Killed a two-headed ogre
 11700 | D:11     | Reached skill level 10 in Fighting
 11834 | D:12     | Killed Psyche
 12040 | D:12     | Killed a boulder beetle
 12040 | D:12     | Received a gift from Trog
 12186 | D:12     | Found a staircase to the Orcish Mines.
 12402 | D:12     | Noticed a boulder beetle
 12408 | D:12     | Noticed a boulder beetle
 12541 | D:11     | Killed a boulder beetle
 12616 | D:12     | Killed a boulder beetle
 12733 | D:12     | Reached skill level 10 in Short Blades
 12983 | Lair:1   | Entered Level 1 of the Lair of Beasts
 13255 | Lair:1   | Found a glowing golden altar of the Shining One.
 13428 | Lair:1   | Noticed Fannar
 13434 | Lair:1   | Killed Fannar
 14253 | Lair:1   | Reached XP level 13. HP: 84/115 MP: 4/12
 14971 | Lair:2   | Found a staircase to the Snake Pit.
 15272 | Lair:2   | Noticed Erica
 15280 | Lair:2   | Killed Erica
 15667 | Lair:2   | Received a gift from Trog
 16270 | Lair:3   | Noticed Nergalle
 16304 | Lair:3   | Reached skill level 10 in Dodging
 16417 | Lair:3   | Killed Nergalle
 16653 | Lair:3   | Identified the +5 shortbow of Iconoclasm {elec, rF- rC+
                  | Int+4}
 16889 | Lair:3   | Noticed Sonja
 17014 | Lair:3   | Killed Sonja
 17293 | Lair:3   | Found a staircase to the Shoals.
 17727 | Lair:4   | Noticed Josephine
 18089 | Lair:4   | Killed Josephine
 18090 | Lair:4   | Reached XP level 14. HP: 95/123 MP: 9/13
 18099 | Lair:4   | Reached skill level 5 in Stealth
 18801 | Lair:5   | Entered Level 5 of the Lair of Beasts
 18827 | Lair:5   | Received a gift from Trog
 19885 | Lair:5   | Found a staircase to the Slime Pits.
 20170 | Lair:5   | Reached skill level 10 in Shields
 20450 | Slime:1  | Entered Level 1 of the Pits of Slime
 20451 | Slime:1  | Noticed an azure jelly
 20487 | Lair:5   | Gained mutation: Your body sometimes deteriorates upon
                  | taking damage. [a shining eye]
 20490 | Lair:5   | Killed an azure jelly
 20856 | Orc:1    | Entered Level 1 of the Orcish Mines
 20857 | Orc:1    | Noticed an orc warlord
 20995 | D:13     | Noticed Lodul
 21024 | D:13     | Killed Lodul
 21925 | D:13     | Found a runed translucent door.
 21925 | D:13     | Noticed ForkInBrain's ghost (journeyman FeCK)
 21996 | D:13     | Killed ForkInBrain's ghost
 21996 | D:13     | Received a gift from Trog
 22454 | D:14     | Reached XP level 15. HP: 119/134 MP: 1/14
 22475 | D:14     | Noticed Agnes
 22476 | D:14     | Found a gate to the Vaults.
 22489 | D:14     | Killed Agnes
 22699 | D:14     | Noticed Kirke
 23216 | D:14     | Killed Kirke
 23985 | D:15     | Entered Level 15 of the Dungeon
 24008 | D:15     | Noticed Jorgrun
 24023 | D:15     | Killed Jorgrun
 24242 | D:15     | Reached skill level 1 in Evocations
 24591 | D:15     | Lost mutation: Your body sometimes deteriorates upon taking
                  | damage. [potion of mutation]
 24591 | D:15     | Gained mutation: You have sharp fingernails. [potion of
                  | mutation]
 24591 | D:15     | Gained mutation: You are strong-willed. (Will+) [potion of
                  | mutation]
 24591 | D:15     | Gained mutation: Your health recovers twice as slowly from
                  | being drained. [potion of mutation]
 24591 | D:15     | Gained mutation: You are agile. (Dex +4, Str/Int -1)
                  | [potion of mutation]
 25567 | D:15     | Reached ****** piety under Trog
 25683 | D:15     | Found a staircase to the Depths.
 26134 | Depths:1 | Entered Level 1 of the Depths
 26965 | Orc:1    | Found Auche's Alliterative Armaments.
 27430 | Orc:2    | Entered Level 2 of the Orcish Mines
 27628 | Orc:2    | Reached XP level 16. HP: 135/145 MP: 0/15
 27630 | Orc:2    | Found Witask's Book Shoppe.
 27652 | Orc:2    | Found Jaeschop's Book Emporium.
 27666 | Orc:2    | Found Silefol's Magic Scroll Shop.
 27668 | Orc:2    | Received a gift from Trog
 27795 | Orc:2    | Found Noghotuc's Armour Shoppe.
 27799 | Orc:2    | Bought a scroll of teleportation for 48 gold pieces
 27799 | Orc:2    | Bought a scroll of enchant weapon for 120 gold pieces
 27799 | Orc:2    | Bought a scroll of brand weapon for 152 gold pieces
 27812 | Orc:2    | Found Qeseyha's Overcharged Wands.
 27898 | Orc:2    | Bought a wand of digging (11) for 693 gold pieces
 27898 | Orc:2    | Bought a wand of polymorph (18) for 378 gold pieces
 27898 | Orc:2    | Bought a wand of polymorph (18) for 378 gold pieces
 28159 | Orc:2    | Found a staircase to the Elven Halls.
 28229 | Elf:1    | Entered Level 1 of the Elven Halls
 28424 | Elf:1    | Paralysed by an air elemental for 1 turns
 28905 | Elf:1    | Killed from afar by a deep elf knight

Illustrated notes

Levels and vault maps discovered:
D:1:      giann_horns, layout_loops_ring, grunt_decor_clamped,
          amcnicky_mini_rare_corridor_liquid
D:2:      layout_loops_ring
D:3:      cheibrodos_helix_gallery, layout_basic,
          worldfamousw_hep_ancestral_shrine, okawaru_trees_2,
          lemuel_doored_altar, serial_shops, nicolae_diamond_shop, uniq_robin,
          uniq_natasha
D:4:      layout_rooms, minmay_temple_entry_junction_2, ebering_ghost_sewer_f,
          serial_curves, eino_curves_02, eino_curves_01
D:5:      layout_basic, mainiacjoe_overflow_boulevard,
          mainiacjoe_ossuary_entry_dusty_tomb, uniq_menkaure,
          uniq_prince_ribbit1
D:6:      layout_basic, mainiacjoe_overflow_surrounded_room, grunt_ministairs_3,
          uniq_jeremiah
D:7:      minmay_chambers_of_sixes, layout_basic, nicolae_specific_store,
          uniq_joseph, uniq_crazy_yiuf_cottage
D:8:      layout_rooms
D:9:      layout_roguey, nicolae_ashenzari_panopticon, minmay_liquid_box,
          uniq_maggie
D:10:     layout_roguey [special_room_bee], lightli_temple_of_fire, hive_lemuel
D:11:     layout_roguey, david_lair_generic, serial_shops, shop, uniq_harold
D:12:     layout_long_grid, erik_orc_1, uniq_psyche
D:13:     layout_loops_ring, hellmonk_ghost_happy_afterlife, uniq_lodul
D:14:     layout_grid_maze, david_vaults_2, serial_bayou_pond_a, uniq_agnes,
          uniq_kirke
D:15:     grunt_enter_depths_magical_seal, layout_layer_cave, drop_trap,
          uniq_jorgrun
Lair:1:   minmay_lair_oklob_tunnel, layout_long_grid, basic_altar,
          serial_bayou_pond_a, uniq_fannar
Lair:2:   layout_gridlike, alex1729_snake_entry_snake, roderic_batcave,
          uniq_erica
Lair:3:   layout_regular_city, minmay_shoals_entry_hut, lemuel_old_faithful,
          grunt_megastairs_3, lemuel_fruit_tree, uniq_sonja, uniq_nergalle
Lair:4:   layout_roguey, infiniplex_staircase_pool, grunt_megastairs_1,
          serial_bayou_shore_b, lemuel_fruit_fields, uniq_josephine
Lair:5:   grunt_lair_end_beastmaster, layout_regular_city,
          dpeg_slime_entry_corner, chequers_serial_rivers_small_a
Slime:1:  layout_caves
Orc:1:    layout_caves, monkooky_shop_alliterative
Orc:2:    st_orc_open, layout_diamond_mine, nicolae_shop_overcharged_wands
Elf:1:    minmay_elf_arrival_summoners, layout_onion_city, serial_shops,
          nicolae_shop_temple_entry_statues_fountains, evilmike_minifort,
          nicolae_concentric_dashed_squares_mild
Depths:1: layout_big_octagon, enter_ziggurat_e, hangedman_tar_grid_catacomb,
          rand_demon_pan_entry_3, serial_shops, shop,
          serial_library_hellmonk_statue_hall, abyss_entry,
          minmay_misc_feat_tower, feat_on_display, serial_bayou_shore_b

Skill      XL: |  1  2  3  4  5  6  7  8  9 10 11 12 13 14 15 16 |
---------------+-------------------------------------------------+-----
Fighting       | 4 5 6 7 8 9 10 11 12 13 14 | 14.1
Axes           | 4 5 6 7 8 9 |  9.9
Shapeshifting  | 1 2 3 4 5 6 7 8 9 |  9.7
Dodging        | 3 4 5 7 8 9 10 11 12 | 12.8
Stealth        | 1 2 3 4 5 6 |  6.1
Maces & Flails | 3 6 8 9 |  9.6
Shields        | 2 4 5 6 9 10 12 | 12.9
Short Blades   | 5 8 10 11 13 14 | 14.4
Evocations     | 4 |  4.6
Throwing       | |  0.2
Armour         | |  2.8

Action                     |  1- 3 |  4- 6 |  7- 9 | 10-12 | 13-15 | 16-18 || total
---------------------------+-------+-------+-------+-------+-------+-------++-------
  Melee: Hand axe          |    87 |    91 |    25 |    35 |    19 |       ||   257
         Headbutt          |    16 |    20 |    32 |   116 |   288 |    37 ||   509
         Punch             |     1 |     1 |     1 |       |       |       ||     3
         Flail             |       |    16 |   133 |     4 |       |       ||   153
         Rapier            |       |       |       |   498 |  1029 |    97 ||  1624
         Mace              |       |       |       |       |    38 |       ||    38
         Broad axe         |       |       |       |       |    32 |    15 ||    47
  Throw: Throwing net      |       |       |       |       |     3 |       ||     3
 Invoke: Berserk           |       |       |     4 |     2 |     3 |       ||     9
         Trog's Hand       |       |       |     1 |     1 |       |       ||     2
         Brothers in Arms  |       |       |     1 |       |       |       ||     1
  Evoke: Wand              |       |       |       |       |     1 |       ||     1
    Use: Scroll            |       |       |     1 |    11 |    15 |       ||    27
         Potion            |       |       |       |       |     1 |       ||     1
   Stab: Sleeping          |       |       |     2 |     5 |    11 |       ||    18
         Distracted        |       |       |       |       |     3 |       ||     3
         Petrified         |       |       |       |       |     5 |       ||     5
         Petrifying        |       |       |       |       |     1 |       ||     1
 Armour: Animal skin       |    41 |    52 |    54 |       |       |       ||   147
         Robe              |       |       |    41 |   253 |   381 |    29 ||   704
  Dodge: Dodged            |    53 |    56 |    72 |   201 |   485 |    46 ||   913
  Block: Tower shield      |       |       |    14 |       |       |       ||    14
         Kite shield       |       |       |    25 |   176 |   676 |    57 ||   934
